 Dungeon Crawl Stone Soup version 0.19-a0-1712-gff403d4 (webtiles) character file.

66593 GordonOverkill the Unseen (level 15, -5/96 HPs)
             Began as a Kobold Berserker on Sept 27, 2016.
             Was a High Priest of Trog.
             Killed by divine providence
             ... invoked by an orc priest
              (12 damage)
             ... on level 2 of the Orcish Mines on Sept 28, 2016.
             The game lasted 01:31:05 (32605 turns).

GordonOverkill the Unseen (Kobold Berserker)       Turns: 32605, Time: 01:31:08

Health: -5/96      AC: 24    Str: 20    XL:     15   Next: 62%
Magic:  22/22      EV: 17    Int: 13    God:    Trog [*****.]
Gold:   1934       SH:  8    Dex: 23    Spells: 0 memorised, 14 levels left

rFire  + + .     SeeInvis .     B - +2 dagger (venom)
rCold  . . .     Gourm    .     b - +2 plate armour {rF+}
rNeg   . . .     Faith    .     a - +0 buckler of Parts Unknown {-Cast +Inv MR+ Dex+7}
rPois  .         Spirit   .     E - +1 helmet
rElec  .         Dismiss  .     k - +1 cloak {rF+}
rCorr  .         Reflect  .     (no gloves)
MR     ++++.     Harm     .     G - +2 pair of boots of the Assassin {DetectMon Stab+ Stlth++}
Stlth  ++++++.... Clarity  +    (no amulet) NoCast +
                                y - +5 ring of intelligence
                                (no ring)

@: exhausted, very slightly contaminated, regenerating, slowed, very slow
A: carnivore 3, clarity
a: Berserk, Trog's Hand, Brothers in Arms, Burn Spellbooks, Renounce Religion,
Evoke Invisibility


You were on level 2 of the Orcish Mines.
You worshipped Trog.
Trog was extremely pleased with you.
You were full.

You visited 4 branches of the dungeon, and saw 20 of its levels.
You also visited: Volcano.

You collected 1934 gold pieces.

Inventory:

Hand Weapons
 d - a +2 short sword of electrocution
 f - a +0 dagger of holy wrath
 u - a +1 scimitar of flaming
 B - a +2 dagger of venom (weapon)
Armour
 a - the +0 buckler of Parts Unknown (worn) {-Cast +Inv MR+ Dex+7}
   (You acquired it on level 9 of the Dungeon)

   It affects your dexterity (+7).
   It affects your resistance to hostile enchantments.
   It lets you turn invisible.
   It prevents spellcasting.
 b - a +2 plate armour of fire resistance (worn)
 k - a +1 cloak of fire resistance (worn)
 E - a +1 helmet (worn)
 G - the +2 pair of boots of the Assassin (worn) {DetectMon Stab+ Stlth++}
   (You acquired it on level 3 of the Lair of Beasts)

   It makes you much more stealthy.
Rods
 K - a +0 rod of inaccuracy (12/12)
   (You found it on level 1 of the Lair of Beasts)
 V - a -1 rod of shadows (13/13)
   (You found it on level 3 of the Lair of Beasts)
Jewellery
 y - a +5 ring of intelligence (right hand)
 U - an uncursed ring of ice
Wands
 A - a wand of disintegration (23/24)
 C - a wand of iceblast (14/15)
 I - a wand of digging (8/24)
 J - a wand of disintegration (14/24)
 N - a wand of disintegration (6/24)
Scrolls
 e - 6 scrolls of teleportation
 m - 3 scrolls of summoning
 o - 10 scrolls of remove curse
 p - 3 scrolls of identify
 v - 5 scrolls of fear
Potions
 g - 6 potions of heal wounds
 h - 3 potions of agility
 j - a potion of brilliance
 r - a potion of curing
 t - 2 potions of flight
 z - 3 potions of might
 F - 2 potions of cancellation
 L - a potion of haste
 S - 4 potions of resistance
Comestibles
 c - 14 meat rations
 i - a royal jelly


   Skills:
 - Level 12.0 Fighting
 - Level 12.0 Short Blades
 - Level 7.0 Armour
 - Level 12.0 Dodging
 + Level 18.6 Stealth
 - Level 8.0 Shields
 - Level 10.0 Evocations


You had 14 spell levels left.
You didn't know any spells.

Dungeon Overview and Level Annotations

Branches:
Dungeon (11/15)            Temple (1/1) D:5            Lair (6/6) D:11
  Swamp (0/4) Lair:2        Snake (0/4) Lair:2        Slime (0/5) Lair:5
    Orc (2/2) D:9             Elf (0/3) Orc:2

Altars:
Cheibriados
Dithmenos
Kikubaaqudgha
Makhleb
Nemelex Xobeh
Sif Muna
Vehumet
Xom
Yredelemnul
Zin

Shops:
D:8 *   D:10 (   D:11 %

Annotations:
Orc:2 Saint Roka


Innate Abilities, Weirdness & Mutations

You are small and have problems with some larger weapons.
You are carnivorous and can eat meat at any time.
You possess an exceptional clarity of mind.


Message History

You flicker back into view.
The soul eater draws from the surrounding life force!
* * * LOW HITPOINT WARNING * * *
The orc wizard casts a spell.
The orc wizard blinks!
An ogre comes into view. It is wielding a giant spiked club.
Your surroundings suddenly seem different.
The orc warrior no longer looks unusually strong.
The orc priest no longer looks unusually strong.
The orc sorcerer no longer looks unusually strong.
The orc warrior no longer looks unusually strong.
The sixfirhy hits you but does no damage.
The sixfirhy hits you.
* * * LOW HITPOINT WARNING * * *
The sixfirhy shocks you!
* * * LOW HITPOINT WARNING * * *
You block the orc warrior's attack.
The orc priest calls down the wrath of Beogh upon you.
Beogh smites you!
You die...

#.###.$..# *..,* *,,,,***
....#....######...######*,,,**∩*
#........#..............,,,**∩,*
*...#....#....o.........,,,*,,,*
##.##.#.............o...,,,*,,**
#..#......o..o.....o....,,,,,**
.......)[)(o.o.o....o⌠..,,,,**
.......3oo5o.o........o.,,,,,**
....#.o4o(o.oo33@.o.....,,,*,,**
.....4.o.#ooo5.o..o.....,,,*,,,*
.#..o.#..#o3......o.....,,,**∩,*
.##.3....######...######*,,,**∩*
.3o..##..# #...# *,,,,***
.##.##...# **#...#******,,,,,**
#####>#.## *,.....,,,,,,,,,,,,*
..##,..## *,.....,,,,,,,,,,,,*
...#,,#* *,,,,*********,,,,,*


You could see a sixfirhy, 2 smoke demons, an orc sorcerer, 6 orc warriors, 8 orc
priests, 2 orc wizards, a white imp, 7 orcs and an ufetubus.

Vanquished Creatures
  An orc warlord (Orc:2)
  A fire dragon (Lair:6)
  An ogre mage (D:10)
  A hydra (Lair:2)
  Harold (Lair:3)
  Erica (D:8)
  The ghost of Promi the Magician, a novice DgWz (Lair:2)
  5 death yaks
  Pikel (D:4)
  A wolf spider (Lair:6)
  A lindwurm (Lair:6)
  An ugly thing (D:11)
  The ghost of Flanowski the Changer, a novice VSTm of Ashenzari (D:8)
  An orc sorcerer (Orc:2)
  A cyclops (Orc:2)
  A hornet (Lair:5)
  A guardian serpent (Lair:6)
  Joseph (D:8)
  12 black mambas
  22 elephants
  8 torpor snails
  14 spiny frogs
  7 komodo dragons
  6 rime drakes
  A troll (D:10)
  A queen bee (Lair:2)
  A polar bear (Lair:4)
  Prince Ribbit (D:6)
  4 tyrant leeches (Lair:6)
  14 hippogriffs
  6 two-headed ogres
  3 slime creatures (Lair:5)
  Grinder (D:4)
  22 blink frogs
  2 flying skulls (Volcano)
  9 wyverns
  22 yaks
  The ghost of cortexin the Cudgeler, an amateur DsCK of Xom (D:3)
  4 basilisks
  7 porcupines
  4 wargs
  3 nagas (Lair:2)
  22 water moccasins
  11 wasps (Lair:6)
  22 orc warriors
  An ice beast (D:8)
  3 sky beasts
  A phantom (D:6)
  2 necrophages (D:11)
  9 ogres
  12 centaurs
  19 wolves
  10 crocodiles
  3 big kobolds
  The ghost of beholder the Vexing, an amateur HEAM (D:4)
  15 bullfrogs
  A gnoll sergeant (D:6)
  A water moccasin skeleton (D:9)
  2 wyvern skeletons
  3 scorpions
  31 killer bees
  3 howler monkeys (D:10)
  A centaur zombie (D:11)
  2 crimson imps
  2 bullfrog zombies
  5 hounds
  2 quasits
  15 orc priests
  3 centaur skeletons
  9 jellies
  4 bullfrog skeletons
  18 orc wizards
  8 iguanas
  Terence (D:2)
  12 worker ants
  Ijyb (D:3)
  3 hound skeletons
  3 mummies (Volcano)
  14 gnolls
  22 adders
  44 river rats
  6 shadow imps
  An ooze (D:1)
  2 adder skeletons
  An adder zombie (D:7)
  3 worms (D:2)
  3 dart slugs
  5 leopard geckos
  54 orcs
  5 giant cockroaches
  7 hobgoblins
  15 jackals
  5 quokkas
  A ball python (D:1)
  8 bats
  4 frilled lizards
  10 goblins
  24 kobolds
  12 rats
  A butterfly (Lair:3)
705 creatures vanquished.

Vanquished Creatures (others)
  A slave (D:4)
  An adder (D:4)
  4 orcs
  30 fungi
  54 plants
90 creatures vanquished.

Grand Total: 795 creatures vanquished

Notes
Turn   | Place    | Note
-------+----------+-------------------------------------------
     0 | D:1      | GordonOverkill the Kobold Berserker began the quest for the Orb.
     0 | D:1      | Reached XP level 1. HP: 14/14 MP: 1/1
    97 | D:1      | Reached XP level 2. HP: 17/19 MP: 2/2
   314 | D:1      | Reached skill level 5 in Short Blades
   412 | D:1      | Reached XP level 3. HP: 23/23 MP: 3/3
   509 | D:1      | Reached ** piety under Trog
   923 | D:2      | Reached XP level 4. HP: 28/28 MP: 4/4
  1513 | D:2      | Noticed Terence
  1856 | D:2      | Killed Terence
  1856 | D:2      | Reached XP level 5. HP: 32/32 MP: 5/5
  2369 | D:3      | Reached *** piety under Trog
  2600 | D:3      | Noticed cortexin's ghost (amateur DsCK)
  2619 | D:4      | Reached XP level 6. HP: 23/37 MP: 6/6
  2706 | D:3      | Killed cortexin's ghost
  2916 | D:3      | Noticed Ijyb
  2924 | D:3      | Killed Ijyb
  3122 | D:3      | Reached XP level 7. HP: 38/41 MP: 7/7
  3475 | D:4      | Noticed Grinder
  3490 | D:4      | Killed Grinder
  3490 | D:4      | Reached skill level 10 in Short Blades
  3557 | D:4      | Noticed Pikel
  3590 | D:4      | Killed Pikel
  3590 | D:4      | Reached skill level 5 in Fighting
  3590 | D:4      | Reached XP level 8. HP: 17/49 MP: 8/8
  3794 | D:4      | Noticed beholder's ghost (amateur HEAM)
  3798 | D:4      | Killed beholder's ghost
  4869 | D:5      | Entered Level 5 of the Dungeon
  4960 | D:5      | Found a staircase to the Ecumenical Temple.
  4992 | Temple   | Entered the Ecumenical Temple
  5512 | D:6      | Reached XP level 9. HP: 52/56 MP: 9/9
  5712 | D:6      | Noticed Prince Ribbit
  6283 | D:6      | Reached skill level 5 in Dodging
  6289 | D:6      | Reached **** piety under Trog
  6500 | D:6      | Killed Prince Ribbit
  6886 | D:7      | Noticed a hippogriff
  6892 | D:7      | Got a transparent robe
  6909 | D:7      | Killed a hippogriff
  8171 | D:7      | Identified the cursed +1 robe "Lauphogi" {rElec Str+3 Stlth-} (You found it on level 7 of the Dungeon)
  8245 | D:8      | Noticed Joseph
  8283 | D:8      | Killed Joseph
  8283 | D:8      | Reached XP level 10. HP: 46/66 MP: 10/10
  8487 | D:8      | Noticed Erica
  8509 | D:8      | Killed Erica
  8649 | D:8      | Reached skill level 10 in Fighting
  9054 | D:8      | Found Koca Von's General Store.
  9127 | D:8      | Found a basalt altar of Yredelemnul.
  9129 | D:8      | Found a glowing silver altar of Zin.
  9141 | D:8      | Found a shadowy altar of Dithmenos.
  9149 | D:8      | Found a burning altar of Makhleb.
  9151 | D:8      | Found a sparkling altar of Nemelex Xobeh.
  9246 | D:8      | Noticed Flanowski's ghost (novice VSTm)
  9264 | D:8      | Killed Flanowski's ghost
  9336 | D:8      | Found a radiant altar of Vehumet.
  9343 | D:8      | Identified Vehumet's Handbook of Confrontation
  9346 | D:8      | Found an ancient bone altar of Kikubaaqudgha.
  9348 | D:8      | Found a deep blue altar of Sif Muna.
 10129 | D:9      | Identified a scroll of acquirement
 10132 | D:9      | Got a twisted buckler
 10138 | D:9      | Identified the +0 buckler of Parts Unknown {-Cast +Inv MR+ Dex+7} (You acquired it on level 9 of the Dungeon)
 10229 | D:9      | Reached skill level 10 in Dodging
 10350 | D:9      | Reached skill level 1 in Shields
 10391 | D:9      | Reached ***** piety under Trog
 10487 | D:9      | Found a staircase to the Orcish Mines.
 10616 | D:9      | Reached XP level 11. HP: 17/73 MP: 11/11
 12073 | D:10     | Entered Level 10 of the Dungeon
 12088 | D:10     | Reached skill level 5 in Shields
 12105 | D:10     | Received a gift from Trog
 12554 | D:10     | Found Ublimaro's Antique Weapon Emporium.
 13050 | D:10     | Noticed an ogre mage
 13091 | D:10     | Killed an ogre mage
 14057 | D:11     | Received a gift from Trog
 14233 | D:11     | Reached XP level 12. HP: 35/77 MP: 12/12
 14796 | D:11     | Found a staircase to the Lair.
 14829 | D:11     | Found Huvo's Food Boutique.
 15513 | D:11     | Reached skill level 5 in Armour
 15887 | Lair:1   | Entered Level 1 of the Lair of Beasts
 15993 | Lair:1   | Reached skill level 1 in Evocations
 16086 | Lair:1   | Gained mutation: You possess an exceptional clarity of mind. [potion of beneficial mutation]
 17275 | Lair:2   | Found a staircase to the Snake Pit.
 17297 | Lair:2   | Reached skill level 5 in Evocations
 18231 | Lair:2   | Reached XP level 13. HP: 41/83 MP: 18/18
 18574 | Lair:2   | Noticed Promi's ghost (novice DgWz)
 18620 | Lair:2   | Killed Promi's ghost
 18959 | Lair:2   | Reached skill level 10 in Evocations
 19013 | Lair:2   | Found a staircase to the Swamp.
 19323 | Lair:2   | Noticed a six-headed hydra
 19333 | Lair:2   | Killed a one-headed hydra
 19358 | Lair:2   | Identified a +0 rod of inaccuracy (12/12) (You found it on level 1 of the Lair of Beasts)
 20451 | Lair:3   | Noticed Harold
 20482 | Lair:3   | Killed Harold
 21104 | Lair:3   | Identified a -1 rod of shadows (13/13) (You found it on level 3 of the Lair of Beasts)
 22889 | Lair:5   | Found a staircase to the Slime Pits.
 22918 | Lair:5   | Reached skill level 1 in Stealth
 23321 | Lair:5   | Reached skill level 2 in Stealth
 23523 | Lair:5   | Reached skill level 3 in Stealth
 23661 | Lair:5   | Reached skill level 4 in Stealth
 23781 | Lair:5   | Found a snail-covered altar of Cheibriados.
 23807 | Lair:5   | Reached skill level 5 in Stealth
 23891 | Lair:5   | Reached XP level 14. HP: 53/92 MP: 21/21
 24134 | Lair:5   | Received a gift from Trog
 24134 | Lair:5   | Reached skill level 6 in Stealth
 24326 | Lair:6   | Entered Level 6 of the Lair of Beasts
 24384 | Lair:5   | Reached skill level 7 in Stealth
 24614 | Lair:5   | Reached skill level 8 in Stealth
 24945 | Lair:5   | Reached skill level 9 in Stealth
 25348 | Lair:6   | Reached skill level 10 in Stealth
 25736 | Lair:6   | Reached skill level 11 in Stealth
 26325 | Lair:6   | Reached skill level 12 in Stealth
 26549 | Lair:6   | Reached skill level 13 in Stealth
 27092 | Lair:5   | Paralysed by a hornet for 1 turns
 27398 | Lair:6   | Reached skill level 14 in Stealth
 28200 | Lair:6   | Reached skill level 15 in Stealth
 28456 | Lair:6   | Reached XP level 15. HP: 80/96 MP: 22/22
 28910 | Lair:6   | Received a gift from Trog
 29004 | Lair:6   | Reached skill level 16 in Stealth
 29535 | Lair:6   | Found a runed door.
 29567 | Lair:6   | Reached skill level 17 in Stealth
 31182 | Orc:1    | Entered Level 1 of the Orcish Mines
 31485 | Orc:1    | Found a shimmering altar of Xom.
 31658 | Orc:1    | Upgraded the game from 0.19-a0-1697-g0595f0e to 0.19-a0-1712-gff403d4
 31667 | Orc:2    | Entered Level 2 of the Orcish Mines
 31682 | Orc:2    | Reached skill level 18 in Stealth
 31928 | Orc:2    | Found a dark tunnel.
 31935 | Volcano  | Entered a volcano
 32489 | Orc:2    | Noticed Saint Roka
 32559 | Orc:2    | Noticed an orc warlord
 32574 | Orc:2    | Found a staircase to the Elven Halls.
 32582 | Orc:2    | Received a gift from Trog
 32593 | Orc:2    | Killed an orc warlord
 32605 | Orc:2    | Killed from afar by an orc priest

Vault maps used:
D:1:      onia_arrival_pyramid, minmay_heptomino_h4
D:2:      grunt_ministairs_2, uniq_terence
D:3:      uniq_iyjb
D:4:      eino_small_chamber_without_monster, uniq_grinder, uniq_pikel
D:5:      first_bread
D:6:      uniq_prince_ribbit1
D:8:      grunt_temple_overflow_magic_moments, grunt_temple_overflow_open,
          serial_shops, nicolae_shop_statue_plus, uniq_erica, uniq_joseph
D:9:      david_orc_1_choice
D:10:     serial_shops, nicolae_shop_behind_doors
D:11:     lair_0_dummy, serial_shops, nicolae_shop_crystal
Temple:   nicolae_temple_figure_eight
Lair:1:   infiniplex_staircase_pool_2
Lair:2:   regret_index_tunnel_blossom, swamp_mist, guppyfry_snake_entry_island,
          st_stairs_10
Lair:3:   nicolae_quartered_pool_medium, lemuel_fruit_tree, lemuel_fruit_fields,
          lemuel_fruit_fields, uniq_harold
Lair:5:   minmay_slime_entry_pillars, kennysheep_snail_temple
Lair:6:   hangedman_lair_tendril_chambers, wormcave,
          nicolae_lair_grove_arrangements
Orc:1:    basic_altar, uniq_fannar
Orc:2:    st_orc_congregation, nicolae_volcano_entry_hallway, mines_bat_river,
          uniq_saint_roka
Volcano:  volcano_tomb

Skill      XL: |  1  2  3  4  5  6  7  8  9 10 11 12 13 14 15 |
---------------+----------------------------------------------+-----
Short Blades   | 5 6 7 8 9 11 12 | 12.0
Fighting       | 5 6 9 10 12 | 12.0
Dodging        | 3 7 10 12 | 12.0
Shields        | 2 7 8 |  8.0
Armour         | 3 7 |  7.0
Evocations     | 7 10 | 10.0
Stealth        | 5 15 18 | 18.6

Action                   |  1- 3 |  4- 6 |  7- 9 | 10-12 | 13-15 || total
-------------------------+-------+-------+-------+-------+-------++-------
Melee: Short sword       |   118 |    24 |    18 |    12 |    29 ||   201
       Dagger            |       |   212 |   603 |  1922 |  3205 ||  5942
       Scimitar          |       |       |       |       |     7 ||     7
Invok: Berserk           |       |     5 |     4 |     7 |     8 ||    24
       Trog's Hand       |       |     1 |     3 |    12 |    18 ||    34
       Burn Spellbooks   |       |     1 |       |     3 |     3 ||     7
 Abil: Evoke Invisibilit |       |       |       |     2 |    11 ||    13
Evoke: Wand              |       |       |       |       |     2 ||     2
  Use: Scroll            |       |       |    18 |    14 |    11 ||    43
       Potion            |       |       |     1 |     2 |     4 ||     7
 Stab: Sleeping          |     1 |       |       |       |     8 ||     9
       Invisible         |       |       |       |    12 |    64 ||    76
       Confused          |       |       |       |       |     1 ||     1
       Distracted        |       |       |       |       |     7 ||     7
  Eat: Chunk             |     9 |    11 |    20 |    47 |    67 ||   154
Armor: Animal skin       |    22 |    11 |       |       |       ||    33
       Chain mail        |       |    40 |    53 |    53 |       ||   146
       Ring mail         |       |     6 |    56 |       |       ||    62
       Plate armour      |       |       |       |   368 |   705 ||  1073
Dodge: Dodged            |    99 |    81 |   203 |   768 |  1382 ||  2533
Block: Buckler           |       |       |       |   456 |   901 ||  1357
